AoeStats
← cristianja71

Lombardia

507600452Analyzed
3v3 RM · 15d ago on Sep 18, 2026· 64m 23s· 6 players
Game mode
Random Map
Map size
Normal (6 player)
Population
200
Speed
Normal
Resources
Standard
Victory
Conquest
Starting age
Dark Age
Ending age
Imperial Age
RankedLock teamsTeams togetherTeam positionsShared explorationLock speedFull tech treeHidden civsTurbo modeCheats
Victory
Defeat
🇨🇱 Ethiopians · Chile
698
+8
🇦🇷 Franks · Argentina
631
+10
🇲🇽 Khmer · Mexico
233
+26
🇺🇸 Bohemians · United States
573
-18
🇪🇨 Britons · Ecuador
479
-14
🇺🇸 Turks · United States
434
-12
Apexius
6:28 Loom
11:33 Feudal Age
14:20 Wheelbarrow
17:20 Double-Bit Axe
17:19 Horse Collar
20:54 Stone Mining
20:57 Gold Mining
22:51 Forging
22:32 Fletching
28:29 Castle Age
29:52 Iron Casting
29:13 Bodkin Arrow
29:56 Hand Cart
29:46 Scale Mail Armor
29:52 Scale Barding Armor
29:50 Padded Archer Armor
32:37 Caravan
35:44 Murder Holes
38:08 Ballistics
41:57 Bloodlines
48:04 Imperial Age
46:38 Chain Barding Armor
49:41 Cavalier
51:20 Hoardings
cristianja71
15:36 Feudal Age
17:01 Horse Collar
17:14 Double-Bit Axe
24:14 Castle Age
22:13 Gold Mining
22:14 Stone Mining
29:26 Bow Saw
29:19 Heavy Plow
29:58 Gold Shaft Mining
38:00 Town Watch
38:51 Wheelbarrow
38:03 Loom
40:49 Imperial Age
39:49 Elite Skirmisher
41:34 Ballistics
41:10 Murder Holes
42:09 Town Patrol
42:25 Hand Cart
43:19 Two-Man Saw
43:39 Chemistry
43:36 Conscription
43:20 Warwolf
43:45 Yeomen
42:47 Elite Longbowman
44:16 Scale Mail Armor
44:08 Fletching
44:21 Padded Archer Armor
44:32 Forging
44:29 Scale Barding Armor
44:09 Light Cavalry
44:53 Husbandry
47:13 Leather Archer Armor
46:54 Bodkin Arrow
47:35 Iron Casting
57:57 Ring Archer Armor
57:27 Bracer
58:28 Blast Furnace
57:49 Chain Barding Armor
59:45 Pikeman
60:27 Squires
60:15 Halberdier
FuzzyOctopus7
9:26 Feudal Age
11:23 Double-Bit Axe
12:43 Wheelbarrow
19:21 Castle Age
19:40 Town Watch
19:58 Horse Collar
28:54 Town Patrol
29:10 Hand Cart
30:05 Husbandry
36:03 Imperial Age
33:21 Loom
37:10 Conscription
36:17 Cavalier
38:06 Caravan
38:19 Forging
38:15 Scale Barding Armor
39:47 Chemistry
38:32 Elite Hussite Wagon
40:17 Bow Saw
40:11 Heavy Plow
41:36 Fortified Wall
46:21 Chain Barding Armor
46:37 Iron Casting
48:18 Fletching
57:22 Bodkin Arrow
Carrizuwu
11:40 Feudal Age
12:30 Horse Collar
12:36 Double-Bit Axe
15:13 Castle Age
16:08 Wheelbarrow
16:18 Double-Bit Axe
16:36 Fletching
24:45 Gold Mining
26:04 Hand Cart
27:16 Bodkin Arrow
27:22 Padded Archer Armor
27:33 Forging
28:34 Caravan
35:11 Iron Casting
39:50 Imperial Age
37:09 Loom
37:09 Town Watch
40:17 Royal Heirs
40:41 Thumb Ring
39:57 Crossbowman
41:37 Town Patrol
41:41 Bracer
43:30 Capped Ram
43:47 Arbalester
46:56 Conscription
46:43 Siege Ram
48:03 Leather Archer Armor
48:49 Blast Furnace
47:50 Scale Mail Armor
47:56 Scale Barding Armor
48:31 Elite Skirmisher
51:32 Chemistry
52:53 Ring Archer Armor
52:45 Ballistics
52:22 Murder Holes
52:39 Masonry
52:35 Siege Engineers
55:30 Halberdier
56:11 Squires
57:33 Architecture
57:37 Arson
60:35 Chain Mail Armor
60:27 Scale Barding Armor
61:55 Torsion Engines
61:33 Elite Shotel Warrior
64:11 Plate Mail Armor
GZicchi
0:54 Loom
10:27 Feudal Age
11:56 Wheelbarrow
13:09 Double-Bit Axe
22:18 Castle Age
20:16 Stone Mining
20:27 Gold Mining
23:32 Bow Saw
27:34 Hand Cart
28:34 Gold Shaft Mining
29:00 Caravan
32:47 Imperial Age
30:53 Scale Barding Armor
30:50 Scale Mail Armor
32:02 Pikeman
32:27 Arson
32:44 Squires
32:51 Murder Holes
33:17 Ballistics
33:56 Town Watch
34:38 Chain Barding Armor
34:34 Chain Mail Armor
34:30 Forging
34:11 Fletching
34:22 Padded Archer Armor
35:03 Masonry
35:37 Conscription
36:19 Town Patrol
36:56 #83
38:09 Chemistry
39:26 Architecture
39:37 Plate Barding Armor
39:33 Plate Mail Armor
39:39 Iron Casting
39:35 Chivalry
40:01 Fortified Wall
39:51 Bodkin Arrow
40:33 Husbandry
40:10 Cavalier
42:20 Halberdier
44:09 Leather Archer Armor
44:56 Blast Furnace
46:34 Paladin
ramiroervizu
20:08 Feudal Age
40:12 Castle Age
51:39 Imperial Age
Connection lost

Rejoining the realm…

Still unreachable

The connection could not be restored.

Session expired

The server has moved on; the page needs a fresh start.